[Event "10th Menchik Memorial 2025"]
[Site "London"]
[Date "2025.03.21"]
[Round "4.1"]
[White "Yao, Lan"]
[Black "Schulze, Lara"]
[Result "1/2-1/2"]
[Annotator "TA"]
[ECO "B67"]
[WhiteElo "2294"]
[BlackElo "2313"]
[PlyCount "44"]
[EventDate "2025.03.11"]
[EventType "tourn"]
[EventCountry "ENG"]
[SourceTitle "playchess.com"]
[Source "ChessBase"]
[SourceQuality "1"]
[TimeControl "5400+30"]

1. e4 c5 2. Nf3 d6 3. d4 cxd4 4. Nxd4 Nf6 5. Nc3 Nc6 6. Bg5 e6 7. Qd2 a6 8. O-O-O Bd7 9. Kb1 Be7 {[%emt 0:00:58] B67: Sicilian: Richter-Rauzer: 7...a6 8 0-0-0 Bd7, lines without 9 f4 Be7.} 10. Nxc6 Bxc6 11. f3 Qc7 12. h4 h6 13. Be3 h5 14. Bd3 d5 15. exd5 Nxd5 {[%emt 0:00:31] The position is equal.} 16. Nxd5 Bxd5 17. c4 Bc6 18. Qf2 $146 (18. Bd4 e5 19. Bc3 O-O-O 20. Qe3 Bf6 21. Rhe1 Rhe8 22. g3 g6 23. Be4 {1-0 Sargsyan,S (2292)-Karpenko,A (2132) Vanadzor op 2024 (9)}) 18... O-O 19. Bb6 Qf4 20. Be3 Qc7 21. Bb6 Qf4 22. Be3 Qc7 {[%emt 0:05:24] Weighted Error Value: White=0.08 (flawless) /Black=0.06 (flawless)   OK:         	White=5     	Black=6} 1/2-1/2

[Event "10th Menchik Memorial 2025"]
[Site "London"]
[Date "2025.03.21"]
[Round "4.2"]
[White "Unuk, Laura"]
[Black "Hunt, Harriet V"]
[Result "1/2-1/2"]
[Annotator "TA"]
[ECO "A46"]
[WhiteElo "2301"]
[BlackElo "2296"]
[PlyCount "134"]
[EventDate "2025.03.11"]
[EventType "tourn"]
[EventCountry "ENG"]
[SourceTitle "playchess.com"]
[Source "ChessBase"]
[SourceQuality "1"]
[TimeControl "5400+30"]

1. d4 Nf6 2. g3 d5 3. Bg2 e6 4. Nf3 b5 5. a4 b4 {[%emt 0:00:16] [#]} 6. c4 $1 {[%emt 0:00:57] A46: 1 d4 Nf6 2 Nf3 e6: Torre, London and Colle Systems.} bxc3 7. bxc3 a5 8. O-O Ba6 9. Ne5 Bd6 10. Nd2 $146 (10. c4 c5 11. Ba3 O-O 12. Nc3 cxd4 13. Qxd4 Bxa3 14. Rxa3 Qe7 15. Rb3 dxc4 16. Nxc4 {1-0 Vorisek,J (2276)-Hradecky,I (2015) CZE-chT2A 1920 2019 (9.5)}) 10... O-O 11. Ndc4 Nfd7 12. Nxd7 (12. Nxa5 Nxe5 13. dxe5 Bxe5 $15) 12... Qxd7 13. Nxa5 {[%emt 0:17:48] Not much happening anymore} Bxe2 14. Qxe2 Rxa5 15. c4 Rxa4 16. Rxa4 {[%emt 0:00:09] White sacrificed a pawn} Qxa4 17. cxd5 exd5 18. Qg4 Nc6 19. Be3 Ne7 20. h3 Qc2 21. Rc1 Qd3 (21... Qg6 {simplifies} 22. Qxg6 hxg6 23. Rb1 Ra8) 22. Bg5 f6 23. Qe6+ Kh8 24. Bf4 Bxf4 25. gxf4 Ng6 26. Rxc7 Qd1+ $1 27. Kh2 Qxd4 28. Rc8 {[%emt 0:05:24] Threatens to win with Rxf8+.} Qxf4+ 29. Kg1 Qb4 ({Don't go for} 29... d4 $2 30. Bd5 $18) 30. Bxd5 {[%emt 0:00:59][%cal Oe6g8] [#]} Rxc8 31. Qxc8+ Qf8 32. Qxf8+ Nxf8 $17 {[%emt 0:00:02][%mdl 4096] Endgame KB-KN. Black is a pawn up.} 33. Kg2 g6 34. Kg3 Kg7 35. Kf4 Nd7 36. Kg3 Kf8 37. f4 Ke7 (37... f5 $17) 38. Kf3 (38. h4 $11) 38... Kd6 ({Better is} 38... f5 $17) 39. Bg8 $1 $11 Nf8 40. Ke4 h5 41. h4 Ke7 42. Bc4 Nd7 43. Kd4 Nb6 44. Bb3 Nc8 45. Bc2 Kf7 46. Bb3+ Kg7 47. Be6 Ne7 48. Ke4 Kf8 49. Kd4 Ng8 50. Ke4 Nh6 51. Bc8 Ke7 52. Kd4 Kd6 53. Ke4 Ng8 54. Kd4 Ne7 55. Bh3 Nd5 56. Ke4 Kc5 57. Bf1 {[%emt 0:00:18] The position is equal.} Nc3+ 58. Kd3 Nb5 59. f5 g5 60. hxg5 fxg5 {[%emt 0:00:05][%cal Bf6g5,Bg5g4][%mdl 32] Strongly threatening ...Kd5.} 61. Ke4 {[%emt 0:00:11] White threatens Bxb5 and mate.} Nd6+ 62. Ke5 g4 63. f6 h4 64. Kf4 h3 65. Bxh3 gxh3 66. Kg3 Ne4+ 67. Kxh3 Nxf6 {[%emt 0:00:35] Weighted Error Value: White=0.10 (very precise) /Black=0.08 (flawless)   Mistake:       	White=1     	Black=2      Inaccurate:     	White=4     	Black=3      OK:         	White=24    	Black=21     Best:        	White=1     	Black=6      Strong:       	White=1     	Black=1} 1/2-1/2

[Event "10th Menchik Memorial 2025"]
[Site "London"]
[Date "2025.03.21"]
[Round "4.3"]
[White "Mirzoeva, Elmira"]
[Black "Sliwicka, Alicja"]
[Result "1-0"]
[Annotator "RC"]
[ECO "C00"]
[WhiteElo "2272"]
[BlackElo "2342"]
[PlyCount "99"]
[EventDate "2025.03.11"]
[EventType "tourn"]
[EventCountry "ENG"]
[SourceTitle "playchess.com"]
[Source "ChessBase"]
[SourceQuality "1"]
[TimeControl "5400+30"]

1. Nf3 d5 2. g3 Nf6 3. Bg2 e6 4. O-O c5 5. d3 Nc6 6. Nbd2 Be7 7. e4 b6 8. Re1 Bb7 9. c3 Qc7 10. Qe2 h6 11. Nf1 dxe4 12. dxe4 a5 13. a4 Ba6 14. Qc2 Rd8 15. N1d2 Bd3 16. Qb3 c4 17. Nxc4 Bc5 18. Bf4 Qe7 19. Nce5 Nxe5 20. Nxe5 Ba6 21. Qc2 Bb7 22. Nd3 O-O 23. Nxc5 Qxc5 24. Be3 Qc6 25. f3 Nd7 26. Red1 Ne5 27. Qb3 Nc4 28. Bd4 e5 29. Bf2 Rb8 30. Bf1 Ba6 31. Qa2 b5 32. axb5 Qxb5 33. Rd5 Qxb2 34. Qxb2 Rxb2 35. Rc5 Nd2 36. Bxa6 Nxf3+ 37. Kg2 Ng5 38. Re1 f5 39. exf5 Rxf5 40. Rc8+ Kf7 41. Re2 Rxe2 42. Bxe2 e4 43. Rc5 Rxc5 44. Bxc5 e3 45. Bxe3 Ne4 46. Bd4 a4 47. Kf3 Nd6 48. Bc5 Nb7 49. Bb4 Ke6 50. Ke4 1-0

[Event "10th Menchik Memorial 2025"]
[Site "London"]
[Date "2025.03.21"]
[Round "4.4"]
[White "Van Foreest, Machteld"]
[Black "Zimina, Olga"]
[Result "1/2-1/2"]
[Annotator "TA"]
[ECO "B22"]
[WhiteElo "2352"]
[BlackElo "2293"]
[PlyCount "89"]
[EventDate "2025.03.11"]
[EventType "tourn"]
[EventCountry "ENG"]
[SourceTitle "playchess.com"]
[Source "ChessBase"]
[SourceQuality "1"]
[TimeControl "5400+30"]

1. e4 c6 2. Nf3 d5 3. d3 g6 4. e5 c5 5. c3 Nc6 6. d4 cxd4 7. cxd4 Bg4 {[%emt 0:00:15] B22: Sicilian: 2 c3.} 8. Bb5 Qb6 9. Nc3 Bxf3 10. Qxf3 Qxd4 11. O-O {[%emt 0:06:49] [#] White sacrificed a pawn} e6 12. Rd1 Qb6 $146 {[%emt 0:16:07] A sharp opening} (12... Qxe5 $2 13. Nxd5 exd5 14. Bf4 $18) ({Predecessor:} 12... Qxe5 13. Nxd5 exd5 14. Bf4 Qf6 15. Qxd5 Rd8 16. Bxc6+ bxc6 17. Qe4+ Ne7 18. Rxd8+ Kxd8 19. Be5 Qe6 {1-0 Sprenger,J (2514)-Medarde Santiago,L (2354) POR-chT Leiria 2017 (2.1)}) 13. Be3 {[%emt 0:11:09] White has more active pieces.} (13. Rxd5 {with more complications.} exd5 14. Nxd5 Qd8 15. Bg5) 13... Bc5 14. Bxc6+ Qxc6 15. Rac1 {[%emt 0:00:51] [#]} Bxe3 16. fxe3 (16. Qxe3 $14 Qb6 17. Qxb6 axb6 18. Nb5) 16... Qb6 $1 $11 17. Na4 Qb4 18. Rd4 Qe7 19. e4 Qg5 {[%emt 0:06:06][%csl LRc1,LRe5] Prevents Qf4.} 20. Rf1 Nh6 21. Nc5 (21. exd5 $11 Qxe5 22. Rdd1) 21... Qxe5 22. Qd1 {[%emt 0:01:18] and Qa4+ would now be decisive} Qc7 23. Qa4+ Qc6 $1 24. exd5 Qxa4 25. Nxa4 Rd8 26. Rb4 b6 27. dxe6 fxe6 28. Nc3 Nf5 29. Nb5 (29. Re4 $11) 29... Rd7 $15 30. Ra4 a5 31. b4 Nd4 32. Nc3 Nc6 33. bxa5 Nxa5 34. Re4 Re7 35. Rfe1 O-O 36. Nd5 (36. Rxe6 Rxe6 37. Rxe6 Rc8) 36... Ref7 37. Nxb6 Rf2 38. Nd7 {[%emt 0:00:33] The position is equal.} R8f7 39. Ne5 R7f4 40. Rxf4 Rxf4 41. Rb1 Ra4 42. Rb2 Nc4 43. Rb8+ Kg7 44. Rb7+ Kf6 45. Nxc4 {[%emt 0:00:37] Weighted Error Value: White=0.13 (very precise) /Black=0.09 (flawless)   Mistake:       	White=3     	---        Inaccurate:     	White=2     	Black=6      OK:         	White=10    	Black=16     Best:        	White=3     	Black=1      Strong:       	---       	Black=2} 1/2-1/2

[Event "10th Menchik Memorial 2025"]
[Site "London"]
[Date "2025.03.21"]
[Round "4.5"]
[White "Navrotescu, Andreea"]
[Black "Toma, Katarzyna"]
[Result "1-0"]
[Annotator "TA"]
[ECO "A36"]
[WhiteElo "2288"]
[BlackElo "2177"]
[PlyCount "81"]
[EventDate "2025.03.11"]
[EventType "tourn"]
[EventCountry "ENG"]
[SourceTitle "playchess.com"]
[Source "ChessBase"]
[SourceQuality "1"]
[TimeControl "5400+30"]

1. c4 Nf6 2. Nc3 g6 3. e4 c5 4. g3 Nc6 5. Bg2 d6 6. d3 Bg7 7. Nge2 Bd7 8. a3 {[%emt 0:01:17] A36: Symmetrical English vs ...g6: 4 Bg2 Bg7.} O-O 9. Rb1 Nd4 10. Nxd4 (10. O-O $14) 10... cxd4 $15 11. Ne2 $146 (11. Nd5 a5 12. O-O a4 13. Nxf6+ Bxf6 14. Bh6 Bg7 15. Bxg7 Kxg7 16. f4 b5 17. f5 {1-0 Shirov,A (2673)-Garcia Perez,J (2081) ESP-chT Rapid 2022 (2)}) 11... e5 12. O-O b5 13. cxb5 Bxb5 14. a4 Bc6 15. f4 a5 16. h3 Nd7 17. b3 Re8 18. Ba3 Nb6 19. Qc2 (19. Qd2 $15) 19... Qd7 (19... Rc8 $17 {[%cal Oc6e4] and ...Bxe4! should not be overlooked} 20. Qd2 d5) 20. Rfc1 Rec8 {[%emt 0:02:58][%cal Oc6e4] [#]} 21. Qd2 h6 22. Kh2 Bb7 23. h4 Rxc1 24. Rxc1 Qd8 25. fxe5 ({White should play} 25. Ng1 $11) 25... dxe5 26. Bh3 Bc8 (26... f5 $17 27. exf5 gxf5) 27. Bxc8 $11 Nxc8 28. Ng1 f5 (28... Nb6 $11) 29. Rc6 {[%emt 0:00:31] White has more active pieces.} (29. Rc5 $14) 29... fxe4 30. Rxg6 (30. dxe4 {simplifies} Ne7 31. Re6 Ra7 32. Rxe7 Rxe7 33. Bxe7 Qxe7 34. Qxa5 Qb7 35. Qd5+) 30... e3 31. Qg2 Ra7 32. Qe4 Qe8 33. Nf3 Rf7 $2 (33... Qf7 $1 $11) 34. Nxd4 $2 (34. Nxe5 $18 {[%cal Oe4d5] And now Qd5! would win.} Rf2+ 35. Kg1) 34... Rf2+ $2 (34... Ne7 $11 {and Black has nothing to worry.} 35. Rxg7+ (35. Qxe5 $2 {too greedy.} Rf2+ 36. Kh3 Qxg6 $19) 35... Rxg7 36. Qxe5 Qf7 37. Qxe3 (37. Qxa5 {gets mated.} Qf2+ 38. Kh1 Qxg3 39. Qa8+ Kh7 40. Qe4+ Kh8 41. Qa8+ Ng8) 37... Nf5 38. Nxf5 Qxf5) 35. Kh3 $2 (35. Kg1 $18) 35... Qf7 (35... Kh8 $16) 36. Ne6 $18 {[%emt 0:00:15] White is clearly winning.} Qf5+ 37. Qxf5 Rxf5 38. Rxg7+ Kh8 {[%emt 0:00:09] [#]} 39. Rg4 (39. Rc7 e2 40. Rxc8+ Kh7 41. Rc7+ Kg8 $11) 39... Nb6 40. Re4 Nd5 41. Bc5 {[%emt 0:00:58] Weighted Error Value: White=0.36/Black=0.52  Loses game:     	---       	Black=3      Missed win:     	White=2     	---        Mistake:       	White=4     	Black=3      Inaccurate:     	White=2     	Black=2      OK:         	White=9     	Black=9      Best:        	White=2     	---} 1-0